 Dungeon Crawl Stone Soup version 0.18.1-6-gd335043 (webtiles) character file.

4218 Chiseanne the Quickloader (level 10, -4/49 HPs)
             Began as a Spriggan Hunter on May 19, 2016.
             Was an Initiate of Gozag.
             Slain by a sun demon (23 damage)
             ... summoned by an orc high priest
             ... on level 8 of the Dungeon.
             The game lasted 00:26:49 (9336 turns).

Chiseanne the Quickloader (Spriggan Hunter)         Turns: 9336, Time: 00:26:50

Health: -4/49      AC:  5    Str:  8    XL:     10   Next: 9%
Magic:  11/11      EV: 28    Int: 16    God:    Gozag
Gold:   492        SH:  0    Dex: 20    Spells: 0 memorised, 9 levels left

rFire  . . .     SeeInvis +     a - +2 whip (elec)
rCold  . . .     Gourm    .     A - +2 robe {MR+}
rNeg   + . .     Faith    .     (shield restricted)
rPois  .         Spirit   .     (helmet restricted)
rElec  .         Dismiss  .     i - +0 cloak
rCorr  .         Reflect  .     (gloves unavailable)
SustAt .         Harm     .     (boots unavailable)
MR     ++...                    (no amulet)
Stlth  ++++++....               j - +3 ring of intelligence
                                g - ring of positive energy

@: very slightly contaminated, hasted, very quick, very resistant to hostile
enchantments, very stealthy
A: unfitting armour, see invisible, herbivore 3, speed 3, slow metabolism 2
a: Potion Petition, Call Merchant, Bribe Branch, Renounce Religion


You were on level 8 of the Dungeon.
You worshipped Gozag.
Gozag was noncommittal.
You were not hungry.

You visited 2 branches of the dungeon, and saw 9 of its levels.

You collected 850 gold pieces.
You spent 275 gold pieces at shops.
You paid 83 gold pieces to Gozag.

Inventory:

Hand Weapons
 a - a +2 whip of electrocution (weapon)
 s - a +0 trident of venom
 w - a +1 hand crossbow
Missiles
 c - 9 bolts
 e - 188 arrows
 n - 175 stones (quivered)
 q - 10 poisoned needles
 D - 62 sling bullets
Armour
 i - a +0 cloak (worn)
 A - a +2 robe of magic resistance (worn)
Jewellery
 g - a ring of positive energy (left hand)
 j - a +3 ring of intelligence (right hand)
Wands
 E - a wand of digging (0/24)
Scrolls
 p - 2 scrolls of recharging
 t - 3 scrolls of remove curse
 C - a scroll of fog
 G - a scroll of amnesia
Potions
 b - 2 potions of curing
 d - a potion of cancellation {unknown}
 h - a potion of heal wounds {unknown}
 k - 2 potions of ambrosia
 l - a potion of brilliance {unknown}
 o - a potion of resistance {unknown}
 r - 2 potions of flight
 v - a potion of invisibility {unknown}
 x - a potion of mutation {unknown}
Books
 u - a book of Alchemy

   Spells                             Type                      Level
   a - Sublimation of Blood           Necromancy                   2
   b - Ignite Poison                  Fire/Transmutation/Poison    3
   c - Petrify                        Transmutation/Earth          4
   d - Alistair's Intoxication        Transmutation/Poison         5
   e - Irradiate                      Conjuration/Transmutation    5
 F - a book of Power

   Spells                             Type                      Level
   a - Fulminant Prism                Conjuration/Hexes            4
   b - Iskenderun's Mystic Blast      Conjuration                  4
   c - Venom Bolt                     Conjuration/Poison           5
   d - Bolt of Magma                  Conjuration/Fire/Earth       5
   e - Iron Shot                      Conjuration/Earth            6
   f - Orb of Destruction             Conjuration                  7
   g - Spellforged Servitor           Conjuration/Summoning        7
Comestibles
 f - 7 bread rations
 m - 7 fruits
 z - 10 royal jellies


   Skills:
 + Level 3.6 Fighting
 - Level 10.8 Crossbows
 - Level 10.3 Dodging
 - Level 10.7 Stealth


You had 9 spell levels left.
You didn't know any spells.

Dungeon Overview and Level Annotations

Branches:
Dungeon (8/15)             Temple (1/1) D:6
   Lair: D:8-11

Altars:
Ashenzari
Cheibriados
Dithmenos
Elyvilon
Fedhas
Gozag
Kikubaaqudgha
Nemelex Xobeh
Okawaru
Pakellas
Qazlal
Ru
Sif Muna
Trog
Vehumet
Xom
Yredelemnul
The Shining One

Shops:
D:4 *   D:5 }((


Innate Abilities, Weirdness & Mutations

You are tiny and cannot use many weapons and most armour.
You have supernaturally acute eyesight.
You are a herbivore.
You cover ground extremely quickly.
You need consume almost no food.


Message History

The sun demon misses you.
The orc high priest prays.
The orc high priest barely misses you.
You closely miss the orc high priest.
The orc high priest is heavily wounded.
The sun demon closely misses you.
You closely miss the orc high priest.
The orc high priest is heavily wounded.
The orc high priest completely misses you.
The sun demon completely misses you.
You whack the orc high priest!
The orc high priest is severely wounded.
The neqoxec gestures.
The orc high priest hits you with a trident of flaming.
The orc high priest burns you. The sun demon completely misses you.
You hit the orc high priest.
The orc high priest is severely wounded.
The sun demon hits you!!
You die...
Your body crumbles into a pile of gold.

,..,,,,,..# #. *#.**,,...# ##
##.#####..# .......#..#
*#.....#..# ##.....#..#
############## #......#..#
#####............####
.._.......###...############.....
....##.#...#.###@#....# ######
...###.###.'.#53o#....# ##.
...###.#####.###3#....# ###..
.......#.# ##..4##....#######...#
##.#####.# #####......).#......#
#.####..# #.........##.........
#.......####.........####.......
#######.#......)...####........)
#.........##..##..##.<.../


You could see an orc high priest, a sun demon, an orange demon, a neqoxec and a
white imp.

Vanquished Creatures
  Pikel (D:7)
  Sigmund (D:4)
  Grum (D:7)
  Menkaure (D:7)
  A slave (D:7)
  An orc warrior (D:7)
  3 ice beasts
  2 sky beasts (D:8)
  2 centaurs (D:8)
  3 ogres
  2 phantoms
  4 wolves (D:8)
  Blork the orc (D:5)
  2 giant frogs (D:7)
  A scorpion (D:8)
  9 wights (D:8)
  A howler monkey (D:6)
  3 crimson imps
  2 centaur zombies
  5 jellies (D:8)
  A quasit (D:7)
  A giant frog zombie (D:8)
  A hound (D:5)
  5 orc wizards
  A centaur skeleton (D:8)
  Crazy Yiuf (D:5)
  4 orc priests
  Jessica (D:2)
  3 iguanas
  6 worker ants
  A hound skeleton (D:5)
  Robin (D:3)
  9 gnolls
  8 adders
  5 oozes (D:8)
  An adder skeleton (D:4)
  A worm (D:4)
  4 dart slugs
  3 giant geckos
  18 orcs
  A ball python (D:3)
  7 bats
  4 giant cockroaches
  13 goblins
  6 hobgoblins
  9 jackals
  2 quokkas
  4 giant newts
  3 kobolds
  A quokka skeleton (D:4)
  5 rats
176 creatures vanquished.

Vanquished Creatures (others)
  A worker ant (D:7)
  2 orcs
3 creatures vanquished.

Grand Total: 179 creatures vanquished

Notes
Turn   | Place    | Note
--------------------------------------------------------------
     0 | D:1      | Chiseanne the Spriggan Hunter began the quest for the Orb.
     0 | D:1      | Reached XP level 1. HP: 10/10 MP: 2/2
   361 | D:1      | Reached XP level 2. HP: 14/14 MP: 3/3
   791 | D:2      | Found an ancient bone altar of Kikubaaqudgha.
   833 | D:2      | Found a faded altar to an unknown god.
   867 | D:2      | Reached XP level 3. HP: 18/18 MP: 4/4
   872 | D:2      | Found a sparkling altar of Nemelex Xobeh.
   916 | D:2      | Noticed Jessica
   924 | D:2      | Killed Jessica
   924 | D:2      | Reached skill level 5 in Crossbows
   942 | D:2      | Reached XP level 4. HP: 22/22 MP: 5/5
  1244 | D:3      | Noticed Robin
  1579 | D:3      | Reached XP level 5. HP: 23/25 MP: 6/6
  1638 | D:3      | Killed Robin
  2233 | D:3      | Found a stormy altar of Qazlal.
  2239 | D:3      | Noticed a fire elemental
  2241 | D:3      | Noticed an air elemental
  2241 | D:3      | Noticed a water elemental
  2400 | D:4      | Reached skill level 5 in Dodging
  2704 | D:4      | Found a shimmering altar of Xom.
  2707 | D:4      | Found a shimmering altar of Xom.
  2707 | D:4      | Found a shimmering altar of Xom.
  2713 | D:4      | Found a shimmering altar of Xom.
  2714 | D:4      | Found a shimmering altar of Xom.
  2714 | D:4      | Found Yput's Assorted Antiques.
  2722 | D:4      | Bought a scroll labeled YSADDU NOWAEF for 25 gold pieces
  2781 | D:4      | Noticed Sigmund
  2791 | D:4      | Killed Sigmund
  2791 | D:4      | Reached XP level 6. HP: 18/30 MP: 7/7
  3012 | D:4      | Reached skill level 5 in Stealth
  3138 | D:4      | Reached XP level 7. HP: 18/33 MP: 8/8
  3618 | D:5      | Entered Level 5 of the Dungeon
  3670 | D:5      | Found a radiant altar of Vehumet.
  3813 | D:5      | Found a deep blue altar of Sif Muna.
  3846 | D:5      | Found Koasiedi's Weapon Shoppe.
  3914 | D:5      | Found Yti Bal's Weapon Shoppe.
  3961 | D:5      | Found Faxzes's Gadget Emporium.
  4011 | D:5      | Noticed Crazy Yiuf
  4017 | D:5      | Killed Crazy Yiuf
  4080 | D:5      | Noticed Blork the orc
  4253 | D:5      | Killed Blork the orc
  4675 | D:6      | Reached XP level 8. HP: 33/37 MP: 9/9
  5008 | D:6      | Found a shadowy altar of Dithmenos.
  5062 | D:6      | Found an oddly glowing altar of Pakellas.
  5114 | D:6      | Found a staircase to the Ecumenical Temple.
  5186 | D:6      | Found a shattered altar of Ashenzari.
  5186 | D:6      | Found a glowing golden altar of the Shining One.
  5245 | Temple   | Entered the Ecumenical Temple
  5329 | Temple   | Became a worshipper of Gozag Ym Sagoz the Greedy
  5835 | D:7      | Noticed Menkaure
  6025 | D:7      | Killed Menkaure
  6156 | D:7      | Found a white marble altar of Elyvilon.
  6242 | D:4      | Bought a dented beryl amulet for 125 gold pieces
  6248 | D:4      | Bought a small cabochon amulet for 125 gold pieces
  6456 | D:7      | Noticed Pikel
  6597 | D:7      | Killed Pikel
  6597 | D:7      | Reached XP level 9. HP: 38/41 MP: 10/10
  6916 | D:7      | Found a blossoming altar of Fedhas.
  7510 | D:8      | Reached skill level 10 in Crossbows
  7881 | D:8      | Reached skill level 10 in Stealth
  8046 | D:8      | Reached skill level 10 in Dodging
  8055 | D:8      | Noticed Grum
  8115 | D:7      | Killed Grum
  8738 | D:8      | Reached XP level 10. HP: 37/48 MP: 11/11
  9292 | D:8      | Found a sacrificial altar of Ru.
  9313 | D:8      | Noticed an orc high priest
  9322 | D:8      | Noticed a sun demon
  9322 | D:8      | Noticed an orange demon
  9336 | D:8      | Slain by a sun demon

Skill      XL: |  1  2  3  4  5  6  7  8  9 10 |
---------------+-------------------------------+-----
Crossbows      | 5 6 7 9 10 | 10.8
Dodging        | 4 5 6 7 8 10 | 10.3
Stealth        | 2 4 5 6 9 10 | 10.7
Fighting       | 2 3 |  3.6

Action                   |  1- 3 |  4- 6 |  7- 9 | 10-12 || total
-------------------------+-------+-------+-------+-------++-------
Melee: Short sword       |       |     6 |       |       ||     6
       Whip              |       |       |   127 |    56 ||   183
 Fire: Hand crossbow     |    61 |   130 |   342 |    11 ||   544
Throw: Stone             |       |     3 |     2 |     1 ||     6
Evoke: Wand              |       |       |    12 |       ||    12
  Use: Scroll            |     3 |     4 |     7 |       ||    14
       Potion            |       |     1 |     2 |     1 ||     4
 Stab: Distracted        |       |       |     2 |     1 ||     3
       Sleeping          |       |       |     1 |     2 ||     3
  Eat: Fruit             |       |       |     6 |       ||     6
       Pizza             |       |       |     1 |       ||     1
Armor: Robe              |       |     7 |    10 |     2 ||    19
Dodge: Dodged            |    18 |    43 |   264 |    64 ||   389
